 Dungeon Crawl Stone Soup version 0.17-a0-1485-g22cb0ee (webtiles) character file.

39 pulse the Skirmisher (level 3, 0/30 HPs)
             Began as a Formicid Berserker on July 5, 2015.
             Was a Believer of Trog.
             Slain by a gnoll
             ... wielding a +0 club
              (5 damage)
             ... on level 1 of the Dungeon.
             The game lasted 00:02:07 (1399 turns).

pulse the Skirmisher (Formicid Berserker)           Turns: 1399, Time: 00:02:07

Health: 0/30       AC: 11    Str: 19    XL:     3   Next: 67%
Magic:  3/3        EV:  6    Int:  6    God:    Trog [**....]
Gold:   71         SH:  0    Dex: 10    Spells: 0 memorised, 2 levels left

rFire  x . .     SeeInvis +     a - +0 hand axe
rCold  + . .     Clarity  .     f - +0 plate armour
rNeg   . . .     SustAt   .     (no shield)
rPois  .         Gourm    .     (helmet unavailable)
rElec  .         Spirit   .     (no cloak)
rCorr  .         Warding  .     (no gloves)
rMut   .         Stasis   +     (no boots)
MR     .....                    (no amulet)
Stlth  ..........               e - ring of ice
                                d - -3 ring of strength (curse)

@: not resistant to hostile enchantments, extremely unstealthy
A: permanent stasis, dig shafts and tunnels, four strong arms, antennae 3
a: Dig, Shaft Self, Burn Spellbooks, Trog's Hand, Renounce Religion


You were on level 1 of the Dungeon.
You worshipped Trog.
Trog was pleased with you.
You were hungry.

You visited 1 branch of the dungeon, and saw 2 of its levels.

You collected 71 gold pieces.

Inventory:

Hand weapons
 a - a +0 hand axe (weapon)
Armour
 f - a +0 plate armour (worn)
Jewellery
 d - a cursed -3 ring of strength (left hand)
 e - a ring of ice (right hand)
Comestibles
 b - 4 fruits
 c - 2 bread rations
 g - a meat ration


   Skills:
 + Level 3.9 Fighting
 * Level 3.8 Axes
 + Level 2.4 Armour
 - Level 1.7 Dodging


You had 2 spell levels left.
You didn't know any spells.

Dungeon Overview and Level Annotations

Branches:
Dungeon (2/15)

Altars:


Innate Abilities, Weirdness & Mutations

You are under a permanent stasis effect.
You can dig through walls and to a lower floor.
Your four strong arms can wield two-handed weapons with a shield.
You have a pair of large antennae on your head (SInv).


Message History

You barely miss the gnoll.
The gnoll is moderately wounded.
The gnoll hits you but does no damage.
Your plate armour prevents you from hitting the gnoll.
The gnoll is moderately wounded.
The gnoll barely misses you.
You closely miss the gnoll.
The gnoll is moderately wounded.
The gnoll hits you but does no damage.
You closely miss the gnoll.
The gnoll is moderately wounded.
The gnoll hits you but does no damage.
All of the chunks of flesh in your inventory have rotted away.
You hit the gnoll.
The gnoll is heavily wounded.
The gnoll hits you but does no damage.
You hit the gnoll.
The gnoll is severely wounded.
The gnoll hits you with a club.
You die...

############ #..........# ######
##.########.# .....#
#........##.# ####.##
##..#####.##.#
###...####...#####....###########
...............g@................
###...##[#.....###....##########.
####.###.#.................# #.
.................#.##.####.# #.
.###..##.#.......#.##.# #.# #. .#
#..##.#.......#.##.####.# #.
.###..##.###.##..#.##......# #.
......##.# #.....())..####.######
.####.##.# ####..####.####.......


You could see a gnoll.

Vanquished Creatures
  An adder (D:2)
  An ooze (D:1)
  A worm (D:1)
  A giant cockroach (D:1)
  A hobgoblin (D:1)
  2 jackals (D:1)
  A quokka (D:1)
  3 bats (D:1)
  4 giant newts (D:1)
  2 goblins (D:1)
  6 kobolds
  2 rats (D:1)
25 creatures vanquished.

Notes
Turn   | Place    | Note
--------------------------------------------------------------
     0 | D:1      | pulse the Formicid Berserker began the quest for the Orb.
     0 | D:1      | Reached XP level 1. HP: 18/18 MP: 1/1
   375 | D:1      | Reached XP level 2. HP: 14/24 MP: 2/2
  1027 | D:1      | Reached XP level 3. HP: 26/30 MP: 3/3
  1189 | D:1      | Acquired Trog's second power
  1368 | D:2      | HP: 1/30 [gnoll/club (3)]
  1399 | D:1      | Slain by a gnoll

Vault maps used:
D:1:      evilmike_arrival_run_for_it, corexii_hall_statues_l
D:2:      st_stairs_4, elyvilon_altar_1, uniq_sigmund, uniq_terence

Action                   || total
-------------------------++-------
Melee: Hand axe          ||   119
Invok: Burn Spellbooks   ||     1
  Use: Scroll            ||     4
       Potion            ||     1
  Eat: Chunk             ||     1
